 Dungeon Crawl Stone Soup version 0.31.0-11-ge490571c62 (webtiles) character file.

Game seed: 6641700437681413331

6914 Fodor the Cleaver (level 10, -3/91 HPs)
             Began as a Minotaur Fighter on Jan 30, 2024.
             Was an Initiate of Gozag.
             Slain by Snorg (24 damage)
             ... on level 10 of the Dungeon.
             The game lasted 00:45:44 (8825 turns).

Fodor the Cleaver (Minotaur Fighter)                Turns: 8825, Time: 00:45:45

Health: -3/91      AC: 17    Str: 24    XL:     10   Next: 79%
Magic:  9/9        EV: 12    Int:  5    God:    Gozag
Gold:   876        SH:  0    Dex: 17    Spells: 9/9 levels left

rFire   . . .        C - +4 battleaxe
rCold   . . .        (shield currently unavailable)
rNeg    + + .        s - +0 pearl dragon scales
rPois   .            (helmet restricted)
rElec   .            A - +0 cloak
rCorr   .            r - +0 pair of gloves
SInv    .            (no boots)
Will    .....        p - amulet of regeneration Stlth
                     h - +6 ring of dexterity
HPRegen 1.15/turn    z - ring of positive energy
MPRegen 0.11/turn

%: no passive effects
@: about to teleport
A: horns 2, retaliatory headbutt
a: Renounce Religion, Potion Petition, Call Merchant, Bribe Branch


You were on level 10 of the Dungeon.
You worshipped Gozag.
Gozag was pleased with you.
You visited 2 branches of the dungeon, and saw 11 of its levels.

You collected 1009 gold pieces.
You paid 133 gold pieces to Gozag.

Inventory:

Hand Weapons
 a - a +4 trident of draining
 w - a +4 quarterstaff of chaos
 C - a +4 battleaxe (weapon)
Missiles
 H - 4 throwing nets (quivered)
Armour
 c - a +0 buckler
 d - a +0 pair of boots
 r - a +0 pair of gloves (worn)
 s - +0 pearl dragon scales (worn)
 A - a +0 cloak (worn)
Jewellery
 h - a +6 ring of dexterity (left hand)
 p - an amulet of regeneration (around neck)
 u - a ring of fire
 z - a ring of positive energy (right hand)
Talismans
 l - a storm talisman
 q - a beast talisman
 x - a blade talisman
Wands
 n - a wand of flame (90)
 D - a wand of polymorph (7)
Scrolls
 f - a scroll of torment
 g - 6 scrolls of teleportation
 i - 6 scrolls of immolation
 j - a scroll of noise
 k - 3 scrolls of fog
 m - a scroll of revelation
 o - 2 scrolls of blinking
 y - a scroll of fear
 F - 2 scrolls of identify
Potions
 b - a potion of degeneration
 e - 2 potions of brilliance
 t - a potion of enlightenment
 v - a potion of invisibility {unknown}
 B - 3 potions of heal wounds
 E - 2 potions of ambrosia {unknown}
 G - a potion of might


   Skills:
 + Level 9.5 Fighting
 + Level 11.7 Axes
 + Level 8.7 Staves
 + Level 9.5 Armour
 + Level 3.8 Dodging
 + Level 1.3 Stealth
 + Level 4.6 Shields


You had 9 spell levels left.
You didn't know any spells.
Your spell library contained the following spells:

 Spells                   Type           Power      Damage    Failure   Level
 Ensorcelled Hibernation  Hex/Ice        0%         N/A       89%         2
 Static Discharge         Conj/Air       0%         3-3/arc   89%         2
 Sublimation of Blood     Necr           0%         N/A       89%         2
 Fugue of the Fallen      Necr           0%         N/A       98%         3
 Ozocubu's Armour         Ice            0%         N/A       98%         3
 Airstrike                Air            0%         2d(0-16)  100%        4
 Manifold Assault         Tloc           0%         N/A       100%        4
 Petrify                  Alch/Erth      0%         N/A       100%        4
 Summon Lightning Spire   Summ/Air       0%         N/A       100%        4
 Borgnjor's Vile Clutch   Necr/Erth      0%         N/A       100%        5
 Irradiate                Conj/Alch      0%         3d11      100%        5
 Polar Vortex             Ice            0%         N/A       100%        9


Dungeon Overview and Level Annotations

Branches:
Dungeon (10/15)            Temple (1/1) D:7
   Lair: D:8-11         Orc: D:9-12

Altars:
Ashenzari
Dithmenos
Elyvilon
Fedhas
Gozag
Hepliaklqana
Kikubaaqudgha
Makhleb
Nemelex Xobeh
Okawaru
Qazlal
Sif Muna
Trog
Uskayaw
Vehumet
Wu Jian
Zin
The Shining One

Shops:
D:1 (   D:4 :

Annotations:
D:10 Snorg


Innate Abilities, Weirdness & Mutations

You have a pair of horns on your head.
You reflexively headbutt those who attack you in melee.


Message History

The large slime creature is lightly wounded.
You slash Snorg! You barely miss the slime creature.
You slash the slime creature!
The slime creature hits you but does no damage.
Snorg bites you but does no damage. Snorg misses you. Snorg claws you!
The large slime creature hits you but does no damage.
The slime creature closely misses you.
You hit the large slime creature. You headbutt the large slime creature.
The large slime creature is moderately wounded.
You slash Snorg! You slash the slime creature! You hit the slime creature.
The slime creature hits you. Snorg bites you.
Snorg claws you but does no damage. x2; The large slime creature hits you!
The slime creature closely misses you. You furiously retaliate!
You headbutt the slime creature. You slash the large slime creature!
Your headbutt misses the large slime creature.
The large slime creature is moderately wounded.
You barely miss Snorg. You hit the slime creature. x2
The slime creature hits you. Snorg closely misses you. Snorg misses you.
Snorg completely misses you.
The large slime creature hits you but does no damage.
The slime creature hits you.
As you read the scroll of teleportation, it crumbles to dust.
You feel strangely unstable.
The slime creature hits you but does no damage.
Snorg bites you but does no damage. Snorg claws you.
Snorg claws you but does no damage.
The large slime creature hits you but does no damage.
The slime creature hits you!
* * * LOW HITPOINT WARNING * * *
The slime creature is no longer distracted by gold.
The slime creature hits you but does no damage.
Snorg goes berserk!
Two slime creatures merge to form a very large slime creature.
The slime creature hits you but does no damage.
Snorg bites you but does no damage. Snorg claws you but does no damage.
Snorg barely misses you. Snorg bites you!!
You die...
Your body crumbles into a pile of gold.

#.......##.##.#
##.......##.##.#
####...........####
#.....#.#...#.##
#.....#..#..##.##.#
#....>...#........#
#.....##J...#..##.#
#.....##T.J.#.>.# +
###...@J.....#J..
#######.#.###.J.
#..## #J. #.## .≈
#.# ..#


You could see Snorg (berserk), a very large slime creature and 2 slime
creatures.

Vanquished Creatures
  Harold (D:10)
  Jeremiah (D:6)
  An unseen horror (D:7)
  2 trolls
  A hornet (D:10)
  A wyvern (D:10)
  3 yaks (D:9)
  A steam dragon (D:8)
  An acid dragon (D:10)
  3 water moccasins
  Duvessa (D:6)
  3 orc warriors
  2 ice beasts
  A black bear (D:5)
  2 ogres (D:7)
  A sky beast (D:6)
  2 bullfrogs (D:7)
  4 kobold brigands
  2 phantoms
  2 gnoll sergeants (D:9)
  4 scorpions
  5 necrophages (D:5)
  9 wights
  Dowan (D:6)
  10 killer bees
  3 bombardier beetles
  A bullfrog zombie (D:5)
  3 hounds
  Crazy Yiuf (D:4)
  A gnoll bouda (D:8)
  5 orc priests
  A sleepcap (D:5)
  3 orc wizards
  5 iguanas
  Robin (D:2)
  7 gnolls
  3 adders
  A shadow imp (D:7)
  2 white imps
  5 dart slugs
  A ribbon worm (D:2)
  24 orcs
  6 ball pythons
  5 endoplasms
  3 giant cockroaches
  9 goblins
  6 hobgoblins
  6 jackals (D:2)
  24 kobolds
  5 quokkas
  4 bats (D:1)
  A frilled lizard (D:2)
  3 rats
203 creatures vanquished.

Notes
Turn   | Place    | Note
-------+----------+-------------------------------------------
     0 | D:1      | Fodor the Minotaur Fighter began the quest for the Orb.
     0 | D:1      | Reached XP level 1. HP: 19/19 MP: 0/0
   127 | D:1      | Reached XP level 2. HP: 27/27 MP: 1/1
   296 | D:1      | Found Wuf Atet's Weapon Shoppe.
   506 | D:1      | Reached skill level 3 in Axes
   506 | D:1      | Reached XP level 3. HP: 33/33 MP: 2/2
  1480 | D:2      | Noticed Robin
  1492 | D:2      | Killed Robin
  1493 | D:2      | Reached XP level 4. HP: 40/40 MP: 3/3
  1649 | D:3      | Reached skill level 4 in Axes
  2180 | D:3      | Found a bloodstained altar of Trog.
  2328 | D:4      | Found Rim Xeod's Book Shoppe.
  2344 | D:4      | Noticed a phantom
  2356 | D:4      | Reached XP level 5. HP: 47/47 MP: 4/4
  2368 | D:4      | Killed a phantom
  2369 | D:4      | Reached skill level 5 in Axes
  2369 | D:4      | Reached skill level 1 in Dodging
  2772 | D:4      | Found a runed translucent door.
  2773 | D:4      | Noticed Crazy Yiuf
  2781 | D:4      | Killed Crazy Yiuf
  2840 | D:4      | Found a radiant altar of Vehumet.
  2896 | D:4      | Found a glowing golden altar of the Shining One.
  3029 | D:4      | Reached XP level 6. HP: 53/53 MP: 5/5
  3151 | D:5      | Entered Level 5 of the Dungeon
  3212 | D:5      | Reached skill level 6 in Axes
  3432 | D:5      | Found a blossoming altar of Fedhas.
  3460 | D:5      | Reached skill level 5 in Armour
  3527 | D:5      | Found an iron altar of Okawaru.
  3534 | D:5      | Reached XP level 7. HP: 59/60 MP: 6/6
  3553 | D:5      | Reached skill level 5 in Fighting
  3553 | D:5      | Reached skill level 7 in Axes
  3657 | D:5      | Reached skill level 8 in Axes
  3788 | D:5      | Reached XP level 8. HP: 41/70 MP: 7/7
  3796 | D:5      | Reached skill level 9 in Axes
  4200 | D:6      | Noticed Dowan
  4201 | D:6      | Noticed Duvessa
  4235 | D:6      | Killed Duvessa
  4236 | D:6      | Reached skill level 1 in Staves
  4239 | D:6      | Killed Dowan
  4394 | D:6      | Found a glowing silver altar of Zin.
  4868 | D:6      | Noticed Jeremiah
  5085 | D:6      | Killed Jeremiah
  5086 | D:6      | Reached XP level 9. HP: 11/78 MP: 8/8
  5771 | D:7      | Reached skill level 1 in Stealth
  5776 | D:7      | Reached skill level 5 in Staves
  5808 | D:7      | Found a staircase to the Ecumenical Temple.
  6007 | D:7      | Killed an unseen horror
  6160 | Temple   | Entered the Ecumenical Temple
  6173 | Temple   | Became a worshipper of Gozag Ym Sagoz the Greedy
  6657 | D:8      | Found a sparkling altar of Nemelex Xobeh.
  6718 | D:8      | Reached XP level 10. HP: 88/88 MP: 9/9
  7583 | D:9      | Reached skill level 10 in Axes
  8044 | D:9      | Found a broken altar of Ashenzari.
  8677 | D:10     | Entered Level 10 of the Dungeon
  8721 | D:10     | Got the Papyrus of Lithomancy and Chilblains
  8724 | D:10     | Noticed Harold
  8734 | D:10     | Killed Harold
  8735 | D:10     | Reached skill level 11 in Axes
  8805 | D:10     | Noticed Snorg
  8825 | D:10     | Slain by Snorg

Illustrated notes

Levels and vault maps discovered:
D:1:      nzn_arrival_depleted_hourglass, layout_rooms, serial_shops,
          nicolae_shop_trees, feat_on_display
D:2:      layout_basic, uniq_robin
D:3:      layout_basic, bloody_trog
D:4:      layout_basic, vehumet_altar_wand_db, kennysheep_mini_moat,
          serial_shops, shop, uniq_crazy_yiuf_cottage
D:5:      layout_basic, fedhas_altar_decomposition, okawaru_ov_weapons_minmay
D:6:      layout_cave_pools, nicolae_overflow_hidden_temple,
          hangedman_abyss_or_decor_slice, uniq_jeremiah, uniq_duvessa
D:7:      layout_basic, minmay_temple_entry_offerings, minmay_chambers_of_fives
D:8:      layout_layer_cave, mainiacjoe_overflow_paths
D:9:      layout_roguey, ashenzari_conservatory_becter, minmay_puff
D:10:     layout_loops_cross, nicolae_ru_great_annihilating_truth,
          nicolae_yredelemnul_corpse_copse, regret_index_xom_buried_treasure,
          mainiacjoe_overflow_brackets, gammafunk_ghost_berserking_beasts,
          uniq_snorg, uniq_harold
Temple:   eino_temple_lava

Skill      XL: |  1  2  3  4  5  6  7  8  9 10 |
---------------+-------------------------------+-----
Fighting       | 4 5 6 8 9 |  9.5
Armour         | 4 5 7 8 9 |  9.5
Shields        | 4 |  4.6
Axes           | 3 4 5 6 8 9 11 | 11.7
Dodging        | 1 2 3 |  3.8
Staves         | 4 8 |  8.7
Stealth        | 1 |  1.3

Action                     |  1- 3 |  4- 6 |  7- 9 | 10-12 || total
---------------------------+-------+-------+-------+-------++-------
  Melee: War axe           |    75 |   100 |    66 |       ||   241
         Headbutt          |    15 |    17 |    52 |    17 ||   101
         Punch             |       |     1 |     1 |       ||     2
         Quarterstaff      |       |       |   200 |       ||   200
         Battleaxe         |       |       |       |    81 ||    81
    Use: Scroll            |       |     8 |     3 |     4 ||    15
         Potion            |       |       |     5 |       ||     5
 Armour: Scale mail        |    34 |       |       |       ||    34
         Pearl dragon scal |    34 |    85 |   274 |   115 ||   508
         Chain mail        |     5 |       |       |       ||     5
  Dodge: Dodged            |    53 |    39 |   174 |    73 ||   339
  Block: Buckler           |    29 |    16 |       |       ||    45
